 Dungeon Crawl Stone Soup version 0.23.1 (webtiles) character file.

Game seed: 8177342867589344793

37 Kairos the Sneak (level 3, 0/16 HPs)
             Began as a Vine Stalker Enchanter on Mar 7, 2019.
             Succumbed to an adder's poison
             ... on level 2 of the Dungeon.
             The game lasted 00:01:01 (669 turns).

Kairos the Sneak (Vine Stalker Enchanter)            Turns: 669, Time: 00:01:02

Health: 0/16       AC:  3    Str: 11    XL:     3   Next: 39%
Magic:  6/7        EV: 12    Int: 15    God:
Gold:   27         SH:  0    Dex: 14    Spells: 5/6 levels left

rFire    . . .     SeeInvis .   a - +1 dagger
rCold    . . .     Gourm    .   (no shield)
rNeg     . . .     Faith    .   b - +0 robe
rPois    .         Spirit   +   (no helmet)
rElec    .         Reflect  .   (no cloak)
rCorr    .         Harm     .   (no gloves)
MR       .....                  c - +0 pair of boots
Stlth    +++.......             (no amulet)
HPRegen  0.05/turn              (no ring)
MPRegen  0.10/turn              (no ring)

@: lethally poisoned (0 -> -2)
A: fangs 2, magic shield, antimagic bite, no potion heal 3, rot immunity
a: no special abilities


You were on level 2 of the Dungeon.
You were not hungry.

You visited 1 branch of the dungeon, and saw 2 of its levels.

You collected 27 gold pieces.

Inventory:

Hand Weapons
 a - a +1 dagger (weapon)
Armour
 b - a +0 robe (worn)
 c - a +0 pair of boots (worn)
Scrolls
 f - a scroll of remove curse
 g - a scroll of enchant armour
 h - a scroll of fear {unknown}
 i - a scroll of immolation {unknown}
 j - a scroll of amnesia {unknown}
Comestibles
 d - 2 rations


   Skills:
 + Level 0.2 Fighting
 + Level 1.1 Short Blades
 + Level 1.8 Dodging
 + Level 4.2 Stealth
 + Level 2.4 Spellcasting
 + Level 3.5 Hexes


You had 5 spell levels left.
You knew the following spells:

 Your Spells              Type           Power        Failure   Level  Hunger
a - Corona                Hex            ##.....      4%          1    #......

Your spell library contained the following spells:

 Spells                   Type           Power        Failure   Level  Hunger
 Ensorcelled Hibernation  Hex/Ice        #.....       16%         2    ###....
 Confuse                  Hex            ##......     16%         3    ###....
 Tukima's Dance           Hex            ##......     16%         3    ###....
 Dazzling Spray           Conj/Hex       #.....       30%         3    ###....


Dungeon Overview and Level Annotations

Branches:
Dungeon (2/15)

Altars:


Innate Abilities, Weirdness & Mutations

You have extremely sharp teeth.
When hurt, damage is shared between your health and your magic reserves.
Your bite disrupts and absorbs the magic of your enemies.
Potions cannot restore your health.
You are immune to rotting.


Message History

The jackal closely misses you. The jackal bites you.
* * * LOW HITPOINT WARNING * * *
The jackal barely misses you.
You closely miss the jackal.
The jackal is lightly wounded.
* * * LOW HITPOINT WARNING * * *
You feel sick.
The jackal bites you but does no damage.
The jackal closely misses you. The jackal barely misses you.
You closely miss the jackal. The jackal closely misses you. x2
You barely miss the jackal.
The jackal bites you but does no damage.
The jackal bites you.
The jackal bites you but does no damage.
You hit the jackal but do no damage. The jackal barely misses you.
The jackal bites you but does no damage. x2
You hit the jackal. You bite the jackal. You drain its power.
You feel invigorated.
The jackal is severely wounded.
You die...

#....#
#((..###
#l.....
#....#
#....#
#....#
###....#
#@h)...#
#h######
#h# #h#
#.# #.#
#.# #..
#..


You could see 4 jackals.

Vanquished Creatures
  An adder (D:2)
  An ooze (D:1)
  A leopard gecko (D:1)
  A ball python (D:1)
  2 bats (D:1)
  A giant cockroach (D:1)
  4 hobgoblins (D:1)
  3 jackals (D:1)
  A kobold (D:1)
  4 frilled lizards
  3 rats (D:1)
22 creatures vanquished.

Notes
Turn   | Place    | Note
-------+----------+-------------------------------------------
     0 | D:1      | Kairos the Vine Stalker Enchanter began the quest for the
                  | Orb.
     0 | D:1      | Reached XP level 1. HP: 9/9 MP: 4/4
   148 | D:1      | Reached XP level 2. HP: 12/13 MP: 4/6
   188 | D:1      | Reached skill level 1 in Short Blades
   336 | D:1      | Reached skill level 4 in Stealth
   409 | D:1      | Reached XP level 3. HP: 15/16 MP: 7/7
   669 | D:2      | Succumbed to an adder's poison

Skill      XL: |  1  2 |
---------------+-------+-----
Short Blades   | 1 |  1.1
Stealth        | 4 |  4.2
Fighting       | |  0.2
Dodging        | |  1.8
Spellcasting   | |  2.4
Hexes          | |  3.5

Action                   || total
-------------------------++-------
Melee: Dagger            ||    76
       Bite              ||    13
  Use: Scroll            ||     2
 Stab: Sleeping          ||     5
       Distracted        ||     1
Armor: Robe              ||    16
Dodge: Dodged            ||    63
